 Dungeon Crawl Stone Soup version 0.28-a0-1567-g1695149f81 (webtiles) character file.

Game seed: 4592033938780160210

2 frimble the Grasshopper (level 1, -3/16 HPs)
             Began as a Demonspawn Warper on Jan 19, 2022.
             Slain by a gnoll (4 damage)
             ... on level 1 of the Dungeon.
             The game lasted 00:00:42 (385 turns).

frimble the Grasshopper (Demonspawn Warper)          Turns: 385, Time: 00:00:43

Health: -3/16      AC:  3    Str: 11    XL:     1   Next: 33%
Magic:  3/3        EV: 11    Int: 14    God:
Gold:   12         SH:  0    Dex: 12    Spells: 4/4 levels left

rFire   . . .      SeeInvis .   a - +0 short sword
rCold   . . .      Faith    .   (no shield)
rNeg    . . .      Spirit   .   b - +0 leather armour
rPois   .          Reflect  .   (no helmet)
rElec   .          Harm     .   (no cloak)
rCorr   .          Rampage  .   (no gloves)
Will    .....                   (no boots)
Stlth   +.........              (no amulet)
HPRegen 0.05/turn               (no ring)
MPRegen 0.08/turn               (no ring)

@: no status effects
A: no striking features
a: no special abilities


You were on level 1 of the Dungeon.
You visited 1 branch of the dungeon, and saw 1 of its levels.

You collected 12 gold pieces.

Inventory:

Hand Weapons
 a - a +0 short sword (weapon)
Armour
 b - a +0 leather armour (worn)
Scrolls
 c - a scroll of blinking
Potions
 e - a potion of cancellation {unknown}


   Skills:
 - Level 2.0 Fighting
 + Level 1.9 Short Blades
 - Level 0.8 Throwing
 - Level 0.8 Armour
 + Level 1.9 Dodging
 - Level 2.0 Spellcasting
 - Level 2.6 Translocations


You had 4 spell levels left.
You didn't know any spells.
Your spell library contained the following spells:

 Spells                   Type           Power      Damage    Failure   Level
 Blink                    Tloc           16%        N/A       16%         2
 Gell's Gravitas          Tloc           8%         N/A       30%         3
 Lesser Beckoning         Tloc           8%         N/A       30%         3
 Teleport Other           Tloc           8%         N/A       30%         3
 Manifold Assault         Tloc           8%         N/A       96%         5


Dungeon Overview and Level Annotations

Branches:
Dungeon (1/15)

Altars:


Message History

The bat completely misses you.
You barely miss the bat.
The bat is moderately wounded.
The bat barely misses you.
You closely miss the bat.
The bat is moderately wounded.
The bat barely misses you. The bat hits you but does no damage.
You hit the bat.
The bat is heavily wounded.
The bat hits you but does no damage.
A bat comes into view.
The bat closely misses you.
You hit the bat.
The bat is severely wounded.
The bat misses you. The bat hits you.
* * * LOW HITPOINT WARNING * * *
The bat hits you.
* * * LOW HITPOINT WARNING * * *
The bat barely misses you.
The gnoll shouts!
You hit the bat.
You kill the bat!
The bat closely misses you. The bat hits you but does no damage.
The bat barely misses you. The bat closely misses you. The bat misses you.
The bat barely misses you. The bat closely misses you.
Found a bubbling emerald potion.
The bat barely misses you. The bat hits you but does no damage.
The bat barely misses you. The bat barely misses you. x2
The bat hits you but does no damage.
You hit the bat.
You kill the bat!
The gnoll hits you from afar with a +0 spear.
You die...

### #### ..### #....
.... ....### .... . ...
# ......######.........
.# ....#..†.....# .. ..
..
#.#.#........#.###.#.##
......................
..#.##......#####..#!#
#.#...........g†@....#
..≈≈##......#####..#.#
'##≈≈#......# ..#
≈≈##........# ..#
≈.≈#≈.......# ###
≈≈≈#..≈####...#
≈.≈#≈≈≈# #.### ≈..≈.#≈.
... #≈#≈8#≈.#


You could see a gnoll.

Vanquished Creatures
  A hobgoblin (D:1)
  2 bats (D:1)
  A spectral kobold (D:1)
4 creatures vanquished.

Notes
Turn   | Place    | Note
-------+----------+-------------------------------------------
     0 | D:1      | frimble the Demonspawn Warper began the quest for the Orb.
     0 | D:1      | Reached XP level 1. HP: 16/16 MP: 3/3
    43 | D:1      | Found a faded altar of an unknown god.
   385 | D:1      | Slain by a gnoll

Illustrated notes

Levels and vault maps discovered:
D:1:      minmay_arrival_checkered_box, layout_basic,
          dreamdust_ecumenical_altar_drowned_temple, nrook_mini_backslash,
          st_stairs_11

Action                   || total
-------------------------++-------
Melee: Short sword       ||    42
Throw: Boomerang         ||     5
Armor: Leather armour    ||    18
Dodge: Dodged            ||    36

Table legend: (Time is in decaauts)
 A = Elapsed time spent in this place.
 B = Non-inter-level travel time spent in this place.
 C = Inter-level travel time spent in this place.
 D = Time resting spent in this place.
 E = Time spent auto-exploring this place.
 F = Levels seen in this place.
 G = Mean time per level.
                   A        B        C        D        E       F      G
               +--------+--------+--------+--------+--------+-----+--------+
         Total |    392 |    392 |      0 |     26 |    252 |   1 |  392.0 |
       Dungeon |    392 |    392 |      0 |     26 |    252 |   1 |  392.0 |
               +--------+--------+--------+--------+--------+-----+--------+

Top non-repeatable levels by time:
     D:1: 392 daAuts
